 Dungeon Crawl Stone Soup version 0.29-a0-284-gf9362112df (webtiles) character file.

Game seed: 5874370122744328713

23 Zonian the Chiller (level 2, 19/19 HPs)
             Began as a Demonspawn Ice Elementalist on Mar 25, 2022.
             Was a Plaything of Xom.
             Quit the game on level 1 of the Dungeon.
             The game lasted 00:01:46 (1368 turns).

Zonian the Chiller (Demonspawn Ice Elementalist)    Turns: 1368, Time: 00:01:46

Health: 19/19      AC:  6    Str:  8    XL:     2   Next: 75%
Magic:  5/5        EV: 12    Int: 16    God:    Xom [..*...]
Gold:   15         SH:  0    Dex: 13    Spells: 4/5 levels left

rFire   . . .      SeeInvis .   e - +0 short sword
rCold   . . .      Faith    .   (no shield)
rNeg    . . .      Spirit   .   a - +0 robe
rPois   .          Reflect  .   (no helmet)
rElec   .          Harm     .   (no cloak)
rCorr   .          Rampage  .   (no gloves)
Will    .....                   (no boots)
Stlth   ++........              (no amulet)
HPRegen 0.06/turn               d - +4 ring of protection
MPRegen 0.09/turn               (no ring)

@: no status effects
A: powered by death 1
a: Renounce Religion


You were on level 1 of the Dungeon.
You worshipped Xom.
You were a toy of Xom.
You visited 1 branch of the dungeon, and saw 1 of its levels.

You collected 15 gold pieces.

Inventory:

Hand Weapons
 e - a +0 short sword (weapon)
 h - a +0 vampiric dagger
Armour
 a - a +0 robe (worn)
Jewellery
 d - a +4 ring of protection (left hand)
Scrolls
 f - a scroll of immolation {unknown}
 g - a scroll of magic mapping {unknown}
Potions
 b - a potion of magic
 c - 3 potions of berserk rage {unknown}
 i - a potion of curing {unknown}


   Skills:
 + Level 2.2 Dodging
 - Level 2.0 Stealth
 + Level 2.3 Spellcasting
 + Level 3.8 Ice Magic


You had 4 spell levels left.
You knew the following spells:

 Your Spells              Type           Power      Damage    Failure   Level
a - Freeze                Ice            56%        1d7       4%          1

Your spell library contained the following spells:

 Spells                   Type           Power      Damage    Failure   Level
 Frozen Ramparts          Ice            28%        1d4       12%         3
 Ozocubu's Armour         Ice            14%        N/A       12%         3
 Blink                    Tloc           2%         N/A       30%         2
 Hailstorm                Conj/Ice       8%         3d4       65%         4
 Manifold Assault         Tloc           1%         N/A       99%         5
 Storm Form               Tmut/Air       0%         N/A       100%        7


Dungeon Overview and Level Annotations

Branches:
Dungeon (1/15)

Altars:
Xom


Innate Abilities, Weirdness & Mutations

You regenerate a little health from kills.


Message History

Unknown command.
You see here a hobgoblin corpse.
The quokka closely misses you.
You closely miss the quokka. The quokka barely misses you.
The quokka bites you.
You closely miss the quokka. The quokka misses you.
You miss the quokka. The quokka bites you.
You completely miss the quokka. The quokka barely misses you.
Unknown command.
Casting: Freeze (safe; 4% risk of failure)
Confirm with . or Enter, or press ? or * to list all spells.
Aiming: Freeze (safe; 4% risk of failure)
Press: ? - help, Shift-Dir - straight line, f - quokka
Aim: a quokka You freeze the quokka.
The quokka is almost dead.
The quokka misses you.
The quokka bites you but does no damage.
Casting: Freeze (safe; 4% risk of failure)
Confirm with . or Enter, or press ? or * to list all spells.
Aiming: Freeze (safe; 4% risk of failure)
Press: ? - help, Shift-Dir - straight line, f/p - quokka
Aim: a quokka (almost dead)
You freeze the quokka.
You kill the quokka!
Unknown command.
You start resting.
Magic restored.
You start resting.
HP restored.
You start waiting.
Done waiting.
You start waiting.
Done waiting.
Unknown command.
You see here a quokka skeleton.
A rat comes into view.
A rat is nearby!
Unknown command.
Are you sure you want to abandon this character and quit the game? (Confirm with "yes".)

#.# #..# .#.. #.## ...#
#####.### r$. #........ #.#
#........ ##≈.# .#
#........
##≈≈≈##.###........
###..≈≈≈≈..≈.........
#...@..≈≈≈≈≈≈........ ###
#.#######...≈≈≈......
....###.#######............
#.....÷.÷.##.............
####..###................
#.....###...#..........###
#.######..#............#
.....#######......#
###...## ##...#..##


You could see a rat.

Vanquished Creatures
  An endoplasm (D:1)
  2 giant cockroaches (D:1)
  2 goblins (D:1)
  3 hobgoblins (D:1)
  4 jackals (D:1)
  2 quokkas (D:1)
  A bat (D:1)
  2 kobolds (D:1)
  3 rats (D:1)
20 creatures vanquished.

Notes
Turn   | Place    | Note
-------+----------+-------------------------------------------
     0 | D:1      | Zonian the Demonspawn Ice Elementalist began the quest for
                  | the Orb.
     0 | D:1      | Reached XP level 1. HP: 13/13 MP: 3/3
   281 | D:1      | Gained mutation: You regenerate a little health from kills.
                  | [demonic ancestry]
   281 | D:1      | Reached XP level 2. HP: 12/19 MP: 3/5
   931 | D:1      | Found a faded altar of an unknown god.
  1047 | D:1      | Prayed at the altar of an unknown god.
  1047 | D:1      | Became a worshipper of Xom the Tricky
  1368 | D:1      | Quit the game

Illustrated notes

Levels and vault maps discovered:
D:1:      sevenhm_arrival_forest_fort_small_4, layout_rooms,
          hellmonk_ecumenical_altar_crossroads, chequers_serial_rivers_small_a

Skill      XL: |  1 |
---------------+----+-----
Stealth        | 2 |  2.0
Dodging        | 2 |  2.2
Spellcasting   | |  2.3
Ice Magic      | |  3.8

Action                   || total
-------------------------++-------
Melee: Short sword       ||    35
 Cast: Freeze            ||    22
 Stab: Sleeping          ||     1
Armor: Robe              ||    20
Dodge: Dodged            ||    36

Table legend: (Time is in decaauts)
 A = Elapsed time spent in this place.
 B = Non-inter-level travel time spent in this place.
 C = Inter-level travel time spent in this place.
 D = Time resting spent in this place.
 E = Time spent auto-exploring this place.
 F = Levels seen in this place.
 G = Mean time per level.
                   A        B        C        D        E       F      G
               +--------+--------+--------+--------+--------+-----+--------+
         Total |   1370 |   1370 |      0 |    928 |    260 |   1 | 1370.0 |
       Dungeon |   1370 |   1370 |      0 |    928 |    260 |   1 | 1370.0 |
               +--------+--------+--------+--------+--------+-----+--------+

Top non-repeatable levels by time:
     D:1: 1370 daAuts
